 Dungeon Crawl Stone Soup version 0.27.1-3-gb3d3a73c9e (webtiles) character file.

Game seed: 18302541655103766009

1256 Crownlay the Blocker (level 8, 0/96 HPs)
             Began as a Minotaur Fighter on Oct 21, 2021.
             Was a Follower of Okawaru.
             Slain by an orc warrior (9 damage)
             ... on level 6 of the Dungeon.
             The game lasted 00:08:06 (5507 turns).

Crownlay the Blocker (Minotaur Fighter)             Turns: 5507, Time: 00:08:06

Health: 0/96       AC: 24    Str: 21    XL:     8   Next: 26%
Magic:  5/7        EV:  2    Int:  5    God:    Okawaru [*.....]
Gold:   298        SH:  8    Dex: 12    Spells: 7/7 levels left

rFire    . . .     SeeInvis .   a - +0 long sword
rCold    . . .     Faith    .   e - +0 buckler
rNeg     + + +     Spirit   .   (armour currently unavailable)
rPois    +         Reflect  .   (helmet currently unavailable)
rElec    .         Harm     .   (cloak currently unavailable)
rCorr    +         Rampage  .   (gloves currently unavailable)
Will     .....     NoTele   +   (boots currently unavailable)
Stlth    +++.......             (no amulet)
HPRegen  0.26/turn              i - ring of resist corrosion
MPRegen  0.10/turn              (no ring)

@: tree-form, heroic
A: stationary, stasis, torment immunity, boosted hp, (horns 2), (retaliatory
headbutt)
a: Renounce Religion, Heroism


You were on level 6 of the Dungeon.
You worshipped Okawaru.
Okawaru was aware of your devotion.
You were a tree.
You visited 1 branch of the dungeon, and saw 6 of its levels.

You collected 298 gold pieces.

Inventory:

Hand Weapons
 a - a +0 long sword (weapon)
Missiles
 v - 5 boomerangs of dispersal (quivered)
Armour
 c - a +0 kite shield
 e - a +0 buckler (worn)
 j - a +0 pair of boots of flying (melded)
 z - a +1 chain mail of fire resistance (melded)
 A - a +0 cloak (melded)
Jewellery
 i - a ring of resist corrosion (left branch)
Wands
 q - a wand of acid (8)
 w - a wand of digging (1)
Scrolls
 b - a scroll of enchant armour {unknown}
 g - a scroll of fear {unknown}
 m - a scroll of amnesia {unknown}
 n - a scroll of identify
 o - a scroll of fog {unknown}
 p - 2 scrolls of vulnerability
 s - a scroll of blinking {unknown}
 t - a scroll of noise {unknown}
 x - a scroll of magic mapping {unknown}
 y - a scroll of teleportation {unknown}
Potions
 d - a potion of might
 f - a potion of haste {unknown}
 h - a potion of degeneration {unknown}
 l - a potion of lignification
 r - a potion of attraction {unknown}
 u - a potion of mutation {unknown}


   Skills:
 - Level 3.6(8.6) Fighting
 - Level 2.5(7.5) Long Blades
 - Level 3.6(8.6) Armour
 + Level 6.1(11.1) Dodging
 * Level 10.3(15.3) Shields


You had 7 spell levels left.
You didn't know any spells.
Your spell library contained the following spells:

 Spells                   Type           Power      Damage    Failure   Level
 Beastly Appendage        Tmut           0%         N/A       47%         1
 Corpse Rot               Necr/Air       N/A        N/A       63%         2
 Passwall                 Tmut/Erth      0%         N/A       63%         2
 Poisonous Vapours        Pois/Air       0%         N/A       63%         2
 Wereblood                Tmut           0%         N/A       63%         2
 Spider Form              Tmut/Pois      0%         N/A       85%         3
 Swiftness                Air            0%         N/A       85%         3
 Freezing Cloud           Conj/Ice/Air   0%         6-21      100%        5
 Invisibility             Hex            0%         N/A       100%        6


Dungeon Overview and Level Annotations

Branches:
Dungeon (6/15)             Temple (0/1) D:5

Altars:
Okawaru

Shops:
D:4 *


Innate Abilities, Weirdness & Mutations

You are a tree.
Your roots penetrate the ground, keeping you stationary.
You cannot be teleported.
You are immune to unholy pain and torment.
Your maximum health is greatly increased.
Your equipment is partially melded.
((You have a pair of horns on your head.))
((You reflexively headbutt those who attack you in melee.))


Message History

The orc warrior hits you with a +0 dire flail.
* * * LOW HITPOINT WARNING * * *
The orc hits you but does no damage.
You fail to use your ability.
Something hits you but does no damage. You block the orc warrior's attack.
The orc hits you but does no damage.
You gain the combat prowess of a mighty hero.
Something hits you but does no damage.
The orc warrior hits you but does no damage.
The orc hits you but does no damage.
You barely miss the orc warrior.
The orc warrior is lightly wounded.
Something hits you but does no damage.
The orc warrior hits you but does no damage.
The orc hits you from afar with a +0 trident.
* * * LOW HITPOINT WARNING * * *
You hit the orc warrior.
The orc warrior is moderately wounded.
Something hits you but does no damage. You block the orc warrior's attack.
The orc hits you but does no damage.
You hit the orc warrior.
The orc warrior is heavily wounded.
Something hits you but does no damage. You block the orc warrior's attack.
The orc hits you but does no damage.
You hit the orc warrior but do no damage.
The orc warrior is heavily wounded.
Something hits you.
* * * LOW HITPOINT WARNING * * *
The orc warrior hits you but does no damage.
The orc hits you but does no damage.
You hit the orc warrior but do no damage.
The orc warrior is heavily wounded.
Something hits you but does no damage.
The orc warrior hits you with a +0 dire flail.
* * * LOW HITPOINT WARNING * * *
The orc hits you but does no damage.
You hit the orc warrior but do no damage.
The orc warrior is heavily wounded.
Something hits you but does no damage.
The orc warrior hits you with a +0 dire flail!
You die...

#####
#...
###...
....#
...#
#..#
#..#####
#♣o....#
#{####.#
..oo
###.##
#.# #.#
#.. ###


You could see an orc warrior and 2 orcs.

Vanquished Creatures
  Grinder (D:3)
  A water moccasin (D:5)
  A black bear (D:4)
  An orc warrior (D:4)
  2 sky beasts (D:5)
  A water moccasin skeleton (D:5)
  2 hounds
  A gnoll shaman (D:4)
  An orc priest (D:3)
  A bullfrog skeleton (D:5)
  2 iguanas (D:5)
  Ijyb (D:3)
  3 orc wizards
  4 gnolls (D:4)
  6 adders
  An ufetubus (D:5)
  A worm (D:3)
  11 dart slugs
  16 orcs
  9 endoplasms
  4 giant cockroaches
  6 goblins
  9 hobgoblins
  6 jackals
  5 kobolds
  A quokka (D:5)
  6 ball pythons
  2 bats (D:1)
  A frilled lizard (D:2)
  6 rats
112 creatures vanquished.

Vanquished Creatures (others)
  3 plants (D:1)
3 creatures vanquished.

Grand Total: 115 creatures vanquished

Notes
Turn   | Place    | Note
-------+----------+-------------------------------------------
     0 | D:1      | Crownlay the Minotaur Fighter began the quest for the Orb.
     0 | D:1      | Reached XP level 1. HP: 19/19 MP: 0/0
   334 | D:1      | Reached skill level 4 in Shields
   356 | D:1      | Reached XP level 2. HP: 26/26 MP: 1/1
   377 | D:1      | Reached skill level 1 in Dodging
   572 | D:1      | Found a faded altar of an unknown god.
   953 | D:2      | Reached XP level 3. HP: 31/31 MP: 2/2
  1274 | D:2      | Reached skill level 5 in Shields
  1690 | D:3      | Reached XP level 4. HP: 37/39 MP: 3/3
  1760 | D:3      | Noticed Ijyb
  1801 | D:3      | Killed Ijyb
  1891 | D:3      | Noticed Grinder
  1902 | D:3      | Paralysed by Grinder for 4 turns
  1908 | D:3      | Killed Grinder
  1909 | D:3      | Reached skill level 7 in Shields
  1909 | D:3      | Reached XP level 5. HP: 32/45 MP: 4/4
  1909 | D:3      | Reached XP level 6. HP: 36/51 MP: 5/5
  2048 | D:3      | Found an iron altar of Okawaru.
  2053 | D:3      | Became a worshipper of Warmaster Okawaru
  2514 | D:4      | Reached skill level 8 in Shields
  2657 | D:4      | Reached XP level 7. HP: 29/57 MP: 6/6
  3319 | D:4      | Found Jafifoim's Assorted Antiques.
  3538 | D:4      | Reached * piety under Okawaru
  3885 | D:5      | Entered Level 5 of the Dungeon
  3924 | D:5      | Reached skill level 5 in Dodging
  3924 | D:5      | Reached skill level 9 in Shields
  4206 | D:5      | Reached XP level 8. HP: 38/64 MP: 7/7
  4365 | D:5      | Reached skill level 10 in Shields
  5364 | D:5      | Found a staircase to the Ecumenical Temple.
  5507 | D:6      | Slain by an orc warrior

Illustrated notes

Levels and vault maps discovered:
D:1:      minmay_arrival_diagonal_passages, layout_rooms,
          hellmonk_ecumenical_altar_zigzags, kennysheep_boxes
D:2:      layout_loops_ring
D:3:      kennysheep_slugbush, layout_basic, lemuel_doored_altar, uniq_grinder,
          uniq_ijyb
D:4:      layout_rooms, serial_shops, shop, kennysheep_opposing_triangles
D:5:      layout_layer_cave, minmay_temple_entry_nine_rooms
D:6:      layout_loops_ring, uniq_edmund

Skill      XL: |  1  2  3  4  5  6  7  8 |
---------------+-------------------------+-----
Shields        | 4 5 7 8 9 10 | 10.3
Dodging        | 1 2 3 4 5 6 |  6.1
Fighting       | |  3.6
Long Blades    | |  2.5
Armour         | |  3.6

Action                   |  1- 3 |  4- 6 |  7- 9 || total
-------------------------+-------+-------+-------++-------
Melee: Long sword        |    81 |    76 |   136 ||   293
       Headbutt          |    15 |    13 |    25 ||    53
Invok: Heroism           |       |       |     1 ||     1
  Use: Scroll            |       |       |     2 ||     2
       Potion            |       |       |     3 ||     3
Armor: Scale mail        |    36 |    39 |    45 ||   120
       Skin              |       |     1 |    22 ||    23
       Chain mail        |       |       |    15 ||    15
Dodge: Dodged            |    38 |    41 |    83 ||   162
Block: Buckler           |    14 |    23 |    45 ||    82
       Rpst.: Long sword |    12 |    12 |    23 ||    47
